 Dungeon Crawl Stone Soup version 0.28.0-62-gf88900778d (webtiles) character file.

Game seed: 2087317907746760242

2571 cbfl8 the Cleaver (level 9, -1/69 (70) HPs)
             Began as a Minotaur Fighter on Sept 8, 2023.
             Was a Follower of Hepliaklqana.
             Slain by a hornet (9 damage)
             ... on level 8 of the Dungeon.
             The game lasted 00:08:16 (10361 turns).

cbfl8 the Cleaver (Minotaur Fighter)               Turns: 10361, Time: 00:08:16

HP:   -1/69 (70)    AC: 10    Str: 20    XL:     9   Next: 32%
MP:   8/8           EV:  9    Int:  5    God:    Hepliaklqana [*.....]
Gold: 344           SH:  5    Dex: 15    Spells: 8/8 levels left

rFire   + + +      SeeInvis .   z - +1 war axe (protect)
rCold   + . .      Faith    .   c - +0 buckler
rNeg    . . .      Spirit   .   b - +0 scale mail
rPois   +          Reflect  .   (helmet restricted)
rElec   +          Harm     .   C - +0 cloak
rCorr   +          Rampage  .   g - +0 pair of gloves
Will    .....                   (no boots)
Stlth   ..........              i - amulet of the acrobat
HPRegen 0.21/turn               k - ring of protection from fire
MPRegen 0.11/turn               x - ring of protection from fire

@: brilliant, lethally poisoned (-1 -> -5), resistant, slowed, lightly drained,
very slow
A: reduced essence, horns 2, retaliatory headbutt
a: Renounce Religion, Recall Ancestor, Ancestor Identity


You were on level 8 of the Dungeon.
You worshipped Hepliaklqana.
Hepliaklqana was aware of your devotion.
You visited 2 branches of the dungeon, and saw 9 of its levels.
You also visited: Sewer.

You collected 344 gold pieces.

Inventory:

Hand Weapons
 z - a +1 war axe of protection (weapon)
Armour
 b - a +0 scale mail (worn)
 c - a +0 buckler (worn)
 g - a +0 pair of gloves (worn)
 C - a +0 cloak (worn)
Jewellery
 i - an amulet of the acrobat (around neck)
 k - a ring of protection from fire (left hand)
 r - a ring of fire
 x - a ring of protection from fire (right hand)
Wands
 y - a wand of digging (4)
 B - a wand of flame (19)
Scrolls
 e - 2 scrolls of teleportation {unknown}
 f - a scroll of fog {unknown}
 l - 3 scrolls of blinking
 p - 2 scrolls of immolation
 q - 2 scrolls of magic mapping
 s - 3 scrolls of enchant weapon
 t - 3 scrolls of noise
 A - a scroll of acquirement {unknown}
Potions
 a - 2 potions of heal wounds {unknown}
 d - a potion of might
 n - a potion of brilliance
 o - a potion of invisibility {unknown}
 u - 2 potions of resistance


   Skills:
 + Level 6.5 Fighting
 + Level 10.0 Axes
 + Level 7.7 Armour
 + Level 5.2 Shields
 * Level 4.9 Evocations


You had 8 spell levels left.
You didn't know any spells.
Your spell library contained the following spells:

 Spells                   Type           Power      Damage    Failure   Level
 Magic Dart               Conj           0%         1d3       86%         1
 Blink                    Tloc           0%         N/A       95%         2
 Call Imp                 Summ           0%         N/A       95%         2
 Ignite Poison            Fire/Tmut/Pois 0%         N/A       99%         3
 Mephitic Cloud           Conj/Pois/Air  0%         N/A       99%         3
 Freezing Cloud           Conj/Ice/Air   0%         6-21      100%        5
 Manifold Assault         Tloc           0%         N/A       100%        5
 Storm Form               Tmut/Air       0%         N/A       100%        7


Dungeon Overview and Level Annotations

Branches:
Dungeon (8/15)             Temple (1/1) D:6           Sewer (visited)
   Lair: D:8-11

Altars:
Ashenzari
Dithmenos
Elyvilon
Hepliaklqana
Sif Muna
Uskayaw
Vehumet
Wu Jian
Yredelemnul
The Shining One

Annotations:
D:4 3 runed translucent doors, cbfl8's ghost, amateur DsFi; cbfl8's ghost, amateur HOBe; cbfl8's ghost, novice MiFi
D:6 2 transporters, cbfl8's ghost, novice MiFi


Innate Abilities, Weirdness & Mutations

Your life essence is reduced to manifest your ancestor. (-10% HP)
You have a pair of horns on your head.
You reflexively headbutt those who attack you in melee.


Message History

You hit the hornet.
You headbutt the hornet, but do no damage.
The hornet is heavily wounded.
You feel yourself speed up.
You feel sick. The hornet stings you.
You are more poisoned.
You feel yourself slow down.
The hornet stings you but does no damage.
You miss the hornet. Your headbutt misses the hornet.
The hornet is heavily wounded.
You feel very sick.
The hornet barely misses you. x2; The hornet stings you.
You feel as though you will be slow longer.
You miss the hornet. Your headbutt misses the hornet.
The hornet is heavily wounded.
You feel very sick. The hornet stings you.
* * * LOW HITPOINT WARNING * * *
You suddenly lose the ability to move!
The hornet barely misses you.
You can move again.
You closely miss the hornet. Your headbutt misses the hornet.
The hornet is heavily wounded.
You feel sick. The hornet closely misses you. The hornet misses you.
You furiously retaliate!
You headbutt the hornet!
The hornet stings you but does no damage.
Unknown command.
You feel better. You block the hornet's attack. The hornet stings you.
* * * LOW HITPOINT WARNING * * *
You are poisoned.
You feel as though you will be slow longer.
It was a potion of resistance.
You feel protected.
* * * LOW HITPOINT WARNING * * *
You feel very sick.
The hornet stings you but does no damage.
You block the hornet's attack.
It was a potion of brilliance.
You feel clever all of a sudden.
You feel sick. The hornet stings you!
You die...

#### #
#.. #.
#.# #.##
##<#
#...##..#
#..#.##
#.@.#
#.y##
#.## #..#
#..# #..#
...#
..#.#
#.#.#


You could see a hornet.

Vanquished Creatures
  A centaur zombie (D:7)
  Sigmund (D:5)
  Menkaure (D:6)
  Edmund (D:4)
  Duvessa (D:4)
  An ice beast (D:5)
  A sky beast (D:5)
  An orc warrior (D:6)
  An ogre (D:6)
  Blork the orc (D:5)
  A kobold brigand (D:4)
  2 bullfrogs (Sewer)
  A scorpion (D:4)
  A wyvern skeleton (D:7)
  2 water moccasin zombies
  2 water moccasin skeletons
  Dowan (D:4)
  A howler monkey (D:6)
  A crimson imp (D:6)
  A hound (D:6)
  A jelly (D:4)
  2 orc priests (D:6)
  Crazy Yiuf (D:7)
  2 centaur skeletons
  A scorpion zombie (D:5)
  3 iguanas (D:6)
  An orc wizard (D:7)
  A hound skeleton (D:4)
  Robin (D:2)
  12 gnolls
  7 adders
  A white imp (D:7)
  An ufetubus (D:4)
  2 adder skeletons
  A worm (D:3)
  2 dart slugs
  12 orcs
  12 ball pythons
  10 endoplasms
  10 giant cockroaches
  8 hobgoblins
  A jackal (D:4)
  6 kobolds
  6 quokkas
  9 bats
  8 frilled lizards
  16 goblins
  A goblin zombie (D:6)
  2 hobgoblin zombies (D:6)
  A kobold skeleton (D:6)
  3 kobold zombies (D:6)
  An orc skeleton (D:6)
  2 orc zombies (D:6)
  4 rats
174 creatures vanquished.

Vanquished Creatures (others)
  An ancestor (D:8)
  5 plants (D:1)
  2 withered plants (D:4)
8 creatures vanquished.

Grand Total: 182 creatures vanquished

Notes
Turn   | Place    | Note
-------+----------+-------------------------------------------
     0 | D:1      | cbfl8 the Minotaur Fighter began the quest for the Orb.
     0 | D:1      | Reached XP level 1. HP: 19/19 MP: 0/0
   230 | D:1      | Reached XP level 2. HP: 27/27 MP: 1/1
  1108 | D:2      | Noticed Robin
  1441 | D:2      | Reached XP level 3. HP: 14/33 MP: 2/2
  1719 | D:2      | Killed Robin
  1720 | D:2      | Reached skill level 3 in Axes
  1862 | D:2      | Found a faded altar of an unknown god.
  1903 | D:2      | Reached skill level 1 in Evocations
  1907 | D:2      | Reached XP level 4. HP: 16/40 MP: 3/3
  3289 | D:3      | Reached skill level 4 in Axes
  3289 | D:3      | Reached XP level 5. HP: 19/47 MP: 4/4
  3332 | D:3      | Found a glowing drain.
  3336 | Sewer    | Entered a sewer
  4015 | Sewer    | Reached XP level 6. HP: 36/53 MP: 5/5
  4017 | Sewer    | Reached skill level 5 in Axes
  4017 | Sewer    | Reached skill level 5 in Armour
  5107 | D:4      | Noticed Dowan
  5108 | D:4      | Noticed Duvessa
  5116 | D:4      | Killed Duvessa
  5117 | D:4      | Killed Dowan
  5118 | D:4      | Reached skill level 6 in Axes
  5118 | D:4      | Reached XP level 7. HP: 29/60 MP: 6/6
  5485 | D:4      | Reached skill level 5 in Fighting
  5582 | D:4      | Found a runed translucent gate.
  5583 | D:4      | Found a runed translucent gate.
  5610 | D:4      | Noticed Edmund
  5618 | D:4      | Killed Edmund
  5969 | D:4      | Found a runed translucent gate.
  5970 | D:4      | Noticed cbfl8's ghost (amateur DsFi)
  5970 | D:4      | Noticed cbfl8's ghost (novice MiFi)
  5971 | D:4      | Noticed cbfl8's ghost (amateur DsFi)
  5971 | D:4      | Noticed cbfl8's ghost (amateur HOBe)
  6445 | D:5      | Entered Level 5 of the Dungeon
  6445 | D:5      | Noticed Blork the orc
  6661 | D:5      | Killed Blork the orc
  6662 | D:5      | Reached skill level 7 in Axes
  6719 | D:5      | Reached XP level 8. HP: 68/69 MP: 7/7
  6753 | D:5      | Noticed Sigmund
  6762 | D:5      | Killed Sigmund
  6881 | D:5      | Reached skill level 8 in Axes
  7338 | D:5      | Identified the +0 ring mail "Sisot" {Stlth+}
  7612 | D:6      | Noticed Menkaure
  7615 | D:6      | Killed Menkaure
  7633 | D:6      | Reached skill level 9 in Axes
  8142 | D:6      | Found a glowing golden altar of the Shining One.
  8177 | D:6      | Reached skill level 5 in Shields
  8396 | D:6      | Reached XP level 9. HP: 69/75 MP: 8/8
  8434 | D:6      | Found a transporter.
  8439 | D:6      | Noticed cbfl8's ghost (novice MiFi)
  8560 | D:6      | Identified the +7 whip "Todidajoca" {spect, rCorr Dex+3}
  8607 | D:6      | Found a transporter.
  8806 | D:6      | Found a staircase to the Ecumenical Temple.
  8819 | Temple   | Entered the Ecumenical Temple
  8840 | Temple   | Became a worshipper of Hepliaklqana the Forgotten
  9086 | D:7      | Reached skill level 10 in Axes
  9659 | D:7      | Reached * piety under Hepliaklqana
  9955 | D:7      | Found a runed translucent door.
  9956 | D:7      | Noticed Crazy Yiuf
 10264 | D:7      | Killed Crazy Yiuf
 10357 | D:8      | Paralysed by a hornet for 1 turns
 10361 | D:8      | Slain by a hornet

Illustrated notes

Levels and vault maps discovered:
D:1:      matt_arrival_spirals, layout_loops_ring, serial_bayou,
          serial_bayou_crossing, serial_bayou_shore_a, serial_bayou_pond_c,
          serial_bayou_ford_a, chequers_serial_rivers_large_b
D:2:      layout_basic, basic_ecumenical_altar, uniq_robin
D:3:      layout_basic, gup_sewer_entry_spiral, serial_curves, eino_curves_03,
          eino_curves_03
D:4:      layout_gridville, gammafunk_ghost_cemetery, st_stairs_7, uniq_duvessa,
          uniq_edmund
D:5:      layout_basic, uniq_blork_the_orc, uniq_sigmund
D:6:      layout_loops_ring, nicolae_tso_besieged_by_evil,
          minmay_temple_entry_butterflies, gammafunk_ghost_stat_death,
          amcnicky_mini_corridor_feature, uniq_menkaure
D:7:      layout_layer_cave, uniq_crazy_yiuf_cottage
D:8:      layout_rooms
Temple:   nicolae_temple_the_god_donut

Skill      XL: |  1  2  3  4  5  6  7  8  9 |
---------------+----------------------------+-----
Fighting       | 4 5 6 |  6.5
Armour         | 4 5 6 7 |  7.7
Axes           | 3 4 6 7 9 10 | 10.0
Shields        | 4 5 |  5.2
Evocations     | 1 2 3 4 |  4.9

Action                   |  1- 3 |  4- 6 |  7- 9 || total
-------------------------+-------+-------+-------++-------
Melee: War axe           |    63 |   184 |   204 ||   451
       Headbutt          |     5 |    22 |    44 ||    71
Evoke: Wand              |       |     7 |     2 ||     9
  Use: Scroll            |     1 |       |     8 ||     9
       Potion            |       |       |     5 ||     5
Armor: Scale mail        |    41 |    98 |    80 ||   219
Dodge: Dodged            |    33 |   105 |    89 ||   227
Block: Buckler           |    19 |    46 |    50 ||   115
